 Dungeon Crawl Stone Soup version 0.28-a0-1038-g9c4cb8273d (webtiles) character file.

Game seed: 14045509644147421691

518 ytrimaz the Insei (level 7, -5/46 HPs)
             Began as an Octopode Transmuter on Dec 8, 2021.
             Was an Initiate of Ashenzari.
             Killed from afar by an orc wizard (11 damage)
             ... with a puff of flame
             ... on level 5 of the Dungeon.
             The game lasted 00:08:05 (6055 turns).

ytrimaz the Insei (Octopode Transmuter)             Turns: 6055, Time: 00:08:06

Health: -5/46      AC:  1    Str:  9    XL:     7   Next: 21%
Magic:  11/11      EV: 14    Int: 18    God:    Ashenzari [......]
Gold:   819        SH:  0    Dex: 12    Spells: 8/12 levels left

rFire   . . .      SeeInvis .     - Unarmed
rCold   + . .      Faith    .   (no shield)
rNeg    . . .      Spirit   .   (helmet restricted)
rPois   .          Reflect  .   (no amulet)
rElec   .          Harm     .   d - ring of protection from cold
rCorr   .          Rampage  .   (no ring)
Will    .....                   (no ring)
Stlth   ++........              (no ring)
HPRegen 0.15/turn               (no ring)
MPRegen 0.12/turn               (no ring)
                                (no ring)
                                (no ring)

@: no status effects
A: almost no armour, amphibious, 8 rings, camouflage 1, gelatinous body 1,
(nimble swimmer 1), tentacles
a: Renounce Religion


You were on level 5 of the Dungeon.
You worshipped Ashenzari.
Ashenzari was noncommittal.
You visited 1 branch of the dungeon, and saw 5 of its levels.

You collected 819 gold pieces.

Inventory:

Jewellery
 d - a ring of protection from cold (left tentacle)
Scrolls
 a - a scroll of identify
 c - a scroll of summoning
 e - a scroll of enchant armour
 i - a scroll of magic mapping
Potions
 b - a potion of lignification {unknown}
 g - a potion of heal wounds {unknown}
 h - 2 potions of invisibility {unknown}


   Skills:
 * Level 3.1 Fighting
 - Level 0.9 Short Blades
 * Level 4.1 Dodging
 + Level 4.4 Unarmed Combat
 * Level 3.1 Spellcasting
 * Level 3.1 Transmutations
 * Level 2.2 Poison Magic


You had 8 spell levels left.
You knew the following spells:

 Your Spells              Type           Power      Damage    Failure   Level
a - Beastly Appendage     Tmut           28%        N/A       4%          1
b - Spider Form           Tmut/Pois      12%        N/A       16%         3

Your spell library contained the following spells:

 Spells                   Type           Power      Damage    Failure   Level
 Wereblood                Tmut           14%        N/A       7%          2
 Ensorcelled Hibernation  Hex/Ice        4%         N/A       24%         2
 Tukima's Dance           Hex            2%         N/A       43%         3
 Ice Form                 Ice/Tmut       8%         N/A       63%         4


Dungeon Overview and Level Annotations

Branches:
Dungeon (5/15)
 Temple: D:4-7

Altars:
Ashenzari
Cheibriados
Elyvilon
Gozag
Kikubaaqudgha
Okawaru
Trog


Innate Abilities, Weirdness & Mutations

You cannot wear most types of armour.
You are amphibious.
You can wear up to eight rings at the same time.
Your skin changes colour to match your surroundings (Stealth+).
Your rubbery body absorbs attacks. (AC +1, EV +1)
((You are camouflaged near water. (Stealth+)))
You have tentacles for arms and can constrict up to eight enemies at once.


Message History

You hear some strange, mumbled words.
You are more confused.
Unknown command.
You bump into the rock wall.
Something barely misses you.
Unknown command.
You tentacle-slap the orc but do no damage.
The orc hits you with a +0 short sword. Something barely misses you.
You tentacle-slap the orc.
The orc is severely wounded.
The orc hits you with a +0 short sword. Something hits you.
Unknown command.
You bump into the rock wall.
The orc closely misses you. The orc barely misses you.
Something barely misses you.
Unknown command.
You bump into the rock wall.
The orc misses you. The orc barely misses you. Something hits you.
Unknown command.
Unknown command.
You bump into the rock wall.
The orc closely misses you. The orc hits you with a +0 short sword.
Something hits you.
Unknown command.
You closely miss the orc.
An orc wizard appears from thin air!
Reactivating autopickup.
The orc closely misses you. The orc hits you with a +0 short sword.
* * * LOW HITPOINT WARNING * * *
The orc wizard gestures wildly while chanting.
The orc wizard flickers and vanishes!
Deactivating autopickup; reactivate with Ctrl-A.
Unknown command.
You bump into the rock wall.
You feel less confused. The orc hits you with a +0 hand axe.
* * * LOW HITPOINT WARNING * * *
The orc hits you with a +0 short sword.
* * * LOW HITPOINT WARNING * * *
You hear some strange, mumbled words.
A puff of flame appears from out of thin air!
The puff of flame hits you!
You die...

#.......8...
#.........#. ..
##........###. .
##..........#..
###. ..#...<..8...8
.#...
#.##.......#..
...... #..###.....#
......###o###.###.#
.......#@o..).# ..
........{###.## ..
......?.## ##.# .
........# #..
#........ ...
###.##### ### ##


You could see 2 orcs.

Vanquished Creatures
  An ice beast (D:4)
  A necrophage (D:3)
  A centaur zombie (D:4)
  A jelly (D:4)
  An orc wizard (D:4)
  Robin (D:4)
  7 gnolls (D:4)
  5 adders
  2 adder skeletons (D:4)
  2 worms (D:2)
  A dart slug (D:1)
  5 orcs
  6 ball pythons
  8 bats
  7 endoplasms
  3 giant cockroaches
  13 hobgoblins
  5 jackals (D:1)
  8 kobolds
  5 quokkas
  3 frilled lizards
  18 goblins
  10 rats
114 creatures vanquished.

Vanquished Creatures (collateral kills)
  A bat (D:1)
1 creature vanquished.

Vanquished Creatures (others)
  A plant (D:4)
1 creature vanquished.

Grand Total: 116 creatures vanquished

Notes
Turn   | Place    | Note
-------+----------+-------------------------------------------
     0 | D:1      | ytrimaz the Octopode Transmuter began the quest for the
                  | Orb.
     0 | D:1      | Reached XP level 1. HP: 13/13 MP: 3/3
     4 | D:1      | Found a faded altar of an unknown god.
   277 | D:1      | Reached XP level 2. HP: 12/18 MP: 5/5
   727 | D:1      | Reached XP level 3. HP: 23/23 MP: 6/6
  1128 | D:1      | You fall into a shaft and drop 1 floor!
  1460 | D:2      | Reached XP level 4. HP: 10/28 MP: 7/7
  2175 | D:2      | Found an iron altar of Okawaru.
  2400 | D:2      | Learned a level 3 spell: Spider Form
  2958 | D:3      | Identified a scroll of acquirement
  2958 | D:3      | Acquired 618 gold pieces
  3489 | D:3      | Reached XP level 5. HP: 32/34 MP: 8/8
  3724 | D:4      | Noticed a necrophage
  3854 | D:4      | Noticed Robin
  3865 | D:3      | Killed a necrophage
  3866 | D:3      | Reached skill level 1 in Poison Magic
  4151 | D:4      | Noticed an ice beast
  4214 | D:3      | Reached XP level 6. HP: 32/41 MP: 6/10
  4254 | D:4      | Killed Robin
  4381 | D:4      | Killed an ice beast
  4891 | D:4      | Found a bloodstained altar of Trog.
  5171 | D:4      | Found a white marble altar of Elyvilon.
  5433 | D:4      | Reached XP level 7. HP: 34/46 MP: 11/11
  5625 | D:4      | Found an ancient bone altar of Kikubaaqudgha.
  5625 | D:4      | Found a snail-covered altar of Cheibriados.
  5752 | D:4      | Found an iron altar of Okawaru.
  5754 | D:4      | Found an opulent altar of Gozag.
  5756 | D:4      | Found a broken altar of Ashenzari.
  5768 | D:4      | Became a worshipper of Ashenzari the Shackled
  5797 | D:5      | Entered Level 5 of the Dungeon
  6055 | D:5      | Killed from afar by an orc wizard

Illustrated notes

Levels and vault maps discovered:
D:1:      saegor_arrival_simple_b, layout_loops_cross,
          ebering_ecumenical_altar_mist, minmay_quantized
D:2:      layout_basic, basic_altar, serial_forest,
          infiniplex_forest_straight_4, infiniplex_forest_zigzag_2,
          infiniplex_forest_lined_room_2, infiniplex_forest_corner_2,
          infiniplex_forest_clump_C, infiniplex_forest_straight_2
D:3:      layout_rooms, kennysheep_big_empty_room, grunt_ministairs_4,
          kennysheep_cross_bottleneck
D:4:      layout_cave_pools, lemuel_crystal_altar, nicolae_elyvilon_temple_path,
          chequers_temple_overflow_minitemple, uniq_robin
D:5:      layout_layer_cave, minmay_misc_feat_four_crosses

Skill      XL: |  1  2  3  4  5  6 |
---------------+-------------------+-----
Fighting       | 2 3 |  3.1
Dodging        | 3 4 |  4.1
Poison Magic   | 1 2 |  2.2
Unarmed Combat | 4 |  4.4
Spellcasting   | 3 |  3.1
Transmutations | 3 |  3.1
Short Blades   | |  0.9

Action                   |  1- 3 |  4- 6 |  7- 9 || total
-------------------------+-------+-------+-------++-------
Melee: Dagger            |    66 |    93 |       ||   159
       Unarmed           |     6 |    94 |    34 ||   134
       Constrict         |    21 |    22 |     5 ||    48
       Tentacles         |    12 |     9 |     3 ||    24
       Punch             |     3 |     1 |       ||     4
 Cast: Spider Form       |       |     6 |     2 ||     8
  Use: Scroll            |     3 |     8 |       ||    11
 Stab: Sleeping          |    12 |     5 |       ||    17
Armor: Skin              |     5 |    13 |     6 ||    24
Dodge: Dodged            |    42 |   164 |    25 ||   231

Table legend: (Time is in decaauts)
 A = Elapsed time spent in this place.
 B = Non-inter-level travel time spent in this place.
 C = Inter-level travel time spent in this place.
 D = Time resting spent in this place.
 E = Time spent auto-exploring this place.
 F = Levels seen in this place.
 G = Mean time per level.
                   A        B        C        D        E       F      G
               +--------+--------+--------+--------+--------+-----+--------+
         Total |   6047 |   5826 |    221 |    899 |   3971 |   5 | 1209.4 |
       Dungeon |   6047 |   5826 |    221 |    899 |   3971 |   5 | 1209.4 |
               +--------+--------+--------+--------+--------+-----+--------+

Top non-repeatable levels by time:
     D:3: 1709 daAuts
     D:4: 1597 daAuts
     D:1: 1410 daAuts
     D:2: 1284 daAuts
     D:5: 45 daAuts
